Map: Pylon LE

Players

HISHAM - Winner!

  • Race: Protoss Protoss
  • League: Platinum
  • Spawn Location: 11:00

Etherodox

  • Race: Terran Terran
  • League: Master
  • Spawn Location: 5:00

VOD

Have the link to the VOD?

Description

Time

  • Played on: Sept. 6, 2025, 6:28 a.m.
  • Length: 10:40
Show
View Real Time Build Order
Export as new Build Order

HISHAM Protoss - Winner!

Build Orders: 1 Gate Expand, Blink Stalkers, Zealot Archon 

Get SALT Encoding   

  12  0:04  Probe  
  13  0:12  Probe  
  13  0:18  Pylon  
  13  0:20  Probe  
  15  0:36  Probe  
  15  0:42  Gateway  
  16  0:48  Probe  
  17  0:56  Gateway  
  17  1:27  Nexus  
  17  1:36  Cybernetics Core  
  17  1:49  Assimilator  
  17  1:51  Probe  
  17  1:53  Assimilator  
  17  1:59  Probe  
  19  2:10  Probe  
  19  2:14  Stalker  
  20  2:22  Probe  
  21  2:24  Pylon  
  23  2:36  Probe  
  23  2:42  Probe  
  25  2:44  Stalker  
  25  2:45  Probe  
  28  2:53  Probe  
  28  2:54  Probe  
  29  3:05  Probe  
  29  3:07  Pylon  
  30  3:14  Twilight Council  
  30  3:18  Gateway  
  30  3:24  Probe  
  30  3:26  Probe  
  32  3:30  Blink  
  32  3:33  Warp Gate  
  32  3:36  Probe  
  32  3:37  Probe  
  32  3:38  Gateway  
  34  3:47  Probe  
  34  3:48  Probe  
  36  3:59  Probe  
  36  4:00  Probe  
  38  4:11  Probe  
  38  4:12  Probe  
  40  4:23  Probe  
  41  4:24  Probe  
  42  4:34  Shield Battery, Gateway  
  42  4:35  Probe  
  42  4:36  Probe  
  42  4:37  Assimilator  
  44  4:47  Probe  
  44  4:51  Templar Archives  
  43  4:56  Assimilator  
  43  5:00  Probe  
  42  5:07  Probe  
  43  5:17  Psionic Storm  
  43  5:24  Gateway  
  43  5:26  Gateway  
  43  5:31  Charge  
  43  5:36  Probe  
  43  5:40  Nexus  
  43  5:41  Stalker x5, Pylon  
  54  5:43  Pylon  
  54  5:45  Pylon  
  54  5:59  Probe x2  
  54  6:01  Pylon  
  56  6:10  Gateway  
  56  6:11  Gateway  
  56  6:24  Probe  
  57  6:29  Gateway  
  57  6:30  Shield Battery  
  57  6:32  Probe  
  57  6:37  Probe  
  57  6:39  High Templar x2  
  63  6:40  Probe  
  63  6:41  Forge  
  63  6:42  Forge  
  64  6:48  High Templar x2  
  64  6:49  Probe  
  64  6:53  Archon  
  69  6:54  Protoss Ground Weapons Level 1  
  69  6:55  Protoss Shields Level 1  
  69  6:56  Probe  
  69  6:58  High Templar  
  69  7:00  Zealot x2  
  76  7:04  Archon  
  76  7:10  Pylon  
  76  7:13  Probe x2  
  76  7:14  Probe  
  79  7:18  Zealot x4  
  79  7:22  Pylon  
  87  7:23  Photon Cannon  
  87  7:28  High Templar  
  89  7:33  Zealot x5  
  99  7:42  Probe  
  101  7:44  Probe  
  101  7:48  Probe  
  101  7:49  Photon Cannon  
  101  7:51  Photon Cannon  
  101  7:53  Shield Battery  
  101  7:55  Probe, Assimilator  
  101  7:56  Probe  
  101  7:57  Probe  
  101  7:58  High Templar x2, Zealot  
  108  7:59  Zealot  
  108  8:03  Archon  
  113  8:07  Probe  
  113  8:09  Pylon  
  113  8:10  Probe  
  113  8:12  Probe  
  116  8:25  Pylon x2  
  116  8:28  Nexus  
  116  8:32  Pylon  
  116  8:38  High Templar, Zealot x3  
  124  8:44  Sentry  
  126  9:03  Probe  
  127  9:15  Stalker x6  
  127  9:16  Zealot, Stalker x3  
  139  9:56  Zealot x4  
  139  9:57  Zealot x6  
  159  10:00  Gateway  
  159  10:02  Gateway  
  159  10:06  Pylon  
  159  10:09  Stargate, Pylon  
  159  10:13  Gateway  
  159  10:16  Zealot x2  
Show
View Real Time Build Order
Export as new Build Order

Etherodox Terran 

Build Orders:  

Get SALT Encoding   

  12  0:04  SCV  
  13  0:17  SCV  
  14  0:21  Supply Depot  
  14  0:29  SCV  
  15  0:43  SCV  
  15  0:44  Barracks  
  16  0:55  SCV  
  16  0:56  Refinery  
  17  1:07  SCV  
  18  1:19  SCV  
  19  1:31  SCV  
  20  1:36  Command Center  
  20  1:44  Reaper  
  21  1:47  Orbital Command  
  20  2:02  Supply Depot  
  20  2:16  Marine  
  21  2:23  Factory  
  21  2:27  SCV  
  22  2:36  Barracks Tech Lab  
  22  2:39  SCV  
  22  2:40  Refinery  
  23  2:51  SCV  
  24  2:58  Orbital Command  
  24  3:03  SCV  
  25  3:15  SCV  
  26  3:22  Barracks  
  26  3:25  Barracks Reactor, Siege Tank  
  29  3:27  SCV  
  29  3:28  SCV  
  31  3:39  SCV  
  31  3:40  SCV  
  33  3:51  SCV  
  34  3:56  Bunker  
  34  3:59  SCV  
  34  4:00  Siege Tank  
  38  4:03  SCV  
  38  4:05  Marine x2, Supply Depot  
  41  4:11  SCV  
  41  4:19  SCV  
  41  4:20  Barracks Tech Lab  
  41  4:23  Marine x2  
  43  4:29  SCV  
  43  4:31  SCV  
  43  4:34  Supply Depot  
  44  4:40  Marine  
  44  4:41  Marine  
  46  4:55  Marine  
  46  4:56  SCV x2, Siege Tank  
  46  4:58  Marine x2  
  52  5:08  SCV x2  
  54  5:23  Bunker  
  54  5:26  Stimpack  
  54  5:32  Bunker  
  54  5:38  Supply Depot  
  54  5:42  Marine x2  
  54  5:43  SCV x2, Siege Tank  
  54  5:45  Marine  
  62  5:59  SCV x2  
  62  6:00  Marine  
  65  6:11  SCV x2  
  65  6:15  Widow Mine  
  69  6:21  Armory  
  69  6:23  SCV  
  70  6:27  Command Center  
  70  6:32  Refinery  
  70  6:36  Supply Depot  
  70  6:37  Supply Depot  
  70  6:38  Refinery  
  70  6:56  Ghost Academy  
  70  6:58  Marine x3, SCV x2  
  75  7:05  Combat Shield, Starport  
  75  7:10  SCV x2  
  75  7:12  Supply Depot  
  75  7:15  Marine x3, Supply Depot  
  77  7:17  Supply Depot  
  77  7:22  SCV x2  
  82  7:30  Drilling Claws  
  82  7:33  Barracks  
  82  7:34  SCV  
  82  7:35  Marine x3  
  87  7:37  SCV  
  87  7:45  Terran Vehicle Weapons Level 1  
  87  7:53  Engineering Bay  
  87  7:59  Starport Reactor  
  87  8:04  Marine x2  
  87  8:05  Marauder  
  91  8:08  Widow Mine  
  91  8:11  Orbital Command  
  91  8:12  SCV x2  
  95  8:15  Personal Cloaking  
  95  8:21  Barracks Tech Lab, Marine  
  95  8:22  Marine  
  95  8:24  SCV x2  
  95  8:25  Barracks  
  99  8:29  Widow Mine, Concussive Shells  
  99  8:30  Marauder  
  103  8:36  SCV  
  103  8:37  SCV  
  103  8:39  Marine  
  103  8:40  Ghost  
  109  8:42  Marine  
  110  8:49  SCV  
  110  8:51  Ghost, Medivac x2  
  110  8:53  Orbital Command  
  110  8:54  SCV  
  119  8:57  Marine  
  119  9:01  SCV  
  121  9:06  SCV  
  122  9:13  SCV  
  123  9:22  SCV  
  123  9:25  SCV  
  124  9:34  SCV  
  125  9:41  SCV  
  125  9:47  Supply Depot  
  125  9:48  Supply Depot  
  125  9:51  Refinery, SCV x2, Supply Depot  
  110  9:54  Marine x4  
  114  10:13  Marine  
  114  10:14  Marine x3  
  113  10:17  Marine  
  119  10:24  Barracks  
Tags
 
Add a new tag
Caveats
  • Supply blocks, unpowered buildings, or Contaminate may cause inaccurate times.
  • Supply counts are checked every 10 seconds.